 Dungeon Crawl Stone Soup version 0.28.0-47-ge53b351184 (webtiles) character file.

Game seed: 17911913405156269155

53 bobregger the Skirmisher (level 3, 0/41 HPs)
             Began as an Ogre Berserker on May 2, 2022.
             Was a Believer of Trog.
             Slain by a worm (10 damage)
             ... on level 2 of the Dungeon.
             The game lasted 00:01:21 (1688 turns).

bobregger the Skirmisher (Ogre Berserker)           Turns: 1688, Time: 00:01:21

Health: 0/41       AC:  3    Str: 21    XL:     3   Next: 89%
Magic:  3/3        EV: 10    Int:  8    God:    Trog [**....]
Gold:   42         SH:  0    Dex: 10    Spells: 2/2 levels left

rFire   . . .      SeeInvis .   a - +0 mace
rCold   . . .      Faith    .   (no shield)
rNeg    . . .      Spirit   .   b - +0 animal skin
rPois   .          Reflect  .   (helmet restricted)
rElec   .          Harm     .   (no cloak)
rCorr   .          Rampage  .   (gloves unavailable)
Will    .....                   (boots unavailable)
Stlth   +.........              (no amulet)
HPRegen 0.13/turn               (no ring)
MPRegen 0.08/turn               (no ring)

@: no status effects
A: large, unfitting armour, tough skin 1
a: Renounce Religion, Berserk, Trog's Hand


You were on level 2 of the Dungeon.
You worshipped Trog.
Trog was pleased with you.
You visited 1 branch of the dungeon, and saw 2 of its levels.

You collected 42 gold pieces.

Inventory:

Hand Weapons
 a - a +0 mace (weapon)
Armour
 b - a +0 animal skin (worn)
Scrolls
 c - a scroll of torment {unknown}
 f - a scroll of enchant weapon {unknown}
 h - a scroll of identify {unknown}
 i - 2 scrolls of fog {unknown}
Potions
 d - 2 potions of degeneration {unknown}
 e - a potion of resistance {unknown}
 g - a potion of heal wounds {unknown}
 j - a potion of attraction {unknown}


   Skills:
 + Level 4.8 Fighting
 * Level 3.8 Maces & Flails
 - Level 2.6 Dodging


You had 2 spell levels left.
You didn't know any spells.
Your spell library was empty.

Dungeon Overview and Level Annotations

Branches:
Dungeon (2/15)

Altars:


Innate Abilities, Weirdness & Mutations

You are too large for most types of armour.
You have tough skin. (AC +1)


Message History

Found a blackened tourmaline ring.
The dart slug launches a dart at you. The slug dart misses you.
You sock the dart slug!
The dart slug is almost dead.
The dart slug launches a dart at you. The slug dart hits you.
You hit the dart slug.
You kill the dart slug!
Trog accepts your kill.
You hit the worm.
The worm is moderately wounded.
The worm bites you!
You barely miss the worm.
The worm is moderately wounded.
The worm bites you but does no damage.
You sock the worm!
The worm is heavily wounded.
The worm bites you.
You barely miss the worm.
The worm is heavily wounded.
You hit the worm but do no damage.
The worm is heavily wounded.
The worm barely misses you.
You barely miss the worm.
The worm is heavily wounded.
The worm closely misses you.
You hit the worm.
The worm is heavily wounded.
The worm bites you!
You hit the worm.
The worm is severely wounded.
You hit the worm.
The worm is severely wounded.
The worm bites you!
* * * LOW HITPOINT WARNING * * *
You barely miss the worm.
The worm is severely wounded.
The worm bites you!
You die...

... .# =.. . #'# .
#.# #####.# #
#.###.#.#.#.
####.##.##.........
.....#...##.#.#.#.#.
.......w@...........
###..#....#.#.#.#.#.
... ##.##...... #
#.###.#.#.#w#
#.#.)........
#...#>#.#.#.#
#.#...........
#†###.#.#.#.#. #.#
##### #


You could see a worm.

Vanquished Creatures
  2 adders (D:2)
  2 dart slugs
  An endoplasm (D:1)
  2 giant cockroaches
  5 hobgoblins
  2 jackals (D:1)
  A quokka (D:2)
  A ball python (D:1)
  2 bats
  A frilled lizard (D:1)
  4 goblins
  5 kobolds
  4 rats
32 creatures vanquished.

Notes
Turn   | Place    | Note
-------+----------+-------------------------------------------
     0 | D:1      | bobregger the Ogre Berserker began the quest for the Orb.
     0 | D:1      | Reached XP level 1. HP: 24/24 MP: 1/1
   257 | D:1      | Reached XP level 2. HP: 22/32 MP: 2/2
  1002 | D:1      | Reached XP level 3. HP: 39/40 MP: 3/3
  1639 | D:2      | Reached ** piety under Trog
  1688 | D:2      | Slain by a worm

Illustrated notes

Levels and vault maps discovered:
D:1:      heliophobic_arrival_dark_side_of_the_moon, layout_basic,
          minmay_box_of_dots
D:2:      layout_loops_corners, st_stairs_10, minivault_27

Skill      XL: |  1 |
---------------+----+-----
Maces & Flails | 3 |  3.8
Fighting       | |  4.8
Dodging        | |  2.6

Action                   || total
-------------------------++-------
Melee: Mace              ||   101
Armor: Animal skin       ||    35
Dodge: Dodged            ||    53
